cohdb
Replays
Latest Replays
All Replays
Popular Replays
Top Player Replays
Match Explorer
How It Works
Community
CoH3 Stats
Reddit
Sign in to upload your games and track your stats! →
Sign in with Steam
Match 45459678
Unlisted
Match 45459678
Overview
Messages
Build Orders
End
Panzergrenadier Squad
Selects Battlefield Espionage Battlegroup
Selects Battlefield Espionage Battlegroup
Panzergrenadier Squad
250 Light Carrier
Construct Light Support Kompanie
Selects Intel Disruption Beacon
Panzerjäger Squad
Fire Support Elements
Pak 38 Mechanized Group
Flakvierling Half-track
Panzergrenadier Squad
Selects Plunder
2.5-tonne Medical Truck
Veteran Squad Leaders
Selects Firestorm
Firestorm
Construct Panzerarmee Kommand
Selects 250/3 Funkpanzerwagen
Selects Anti-Tank Incendiary Munitions
AI Takeover
nispe
Iron_Sarge69
MIHua
Rangefinder
HulkSMASH
MeeeSHuGgaHH
0
0
Comments
sign in to comment!
No comments posted yet!